 Dungeon Crawl Stone Soup version 0.21.1-1-g345015f (webtiles) character file.

21 letownia2 the Conjurer (level 2, -3/15 HPs)
             Began as a Tengu Wizard on Mar 2, 2018.
             Killed from afar by an orc wizard (6 damage)
             ... with a magic dart
             ... on level 3 of the Dungeon.
             The game lasted 00:01:50 (385 turns).

letownia2 the Conjurer (Tengu Wizard)                Turns: 385, Time: 00:01:51

Health: -3/15      AC:  3    Str:  7    XL:     2   Next: 87%
Magic:  3/7        EV: 11    Int: 18    God:
Gold:   66         SH:  0    Dex: 12    Spells: 4/7 levels left

rFire    . . .     SeeInvis .   l - +0 dagger
rCold    . . .     Gourm    .   (no shield)
rNeg     . . .     Faith    .   g - +0 leather armour
rPois    .         Spirit   .   b - +0 hat
rElec    .         Reflect  .   (no cloak)
rCorr    .         Harm     .   (no gloves)
MR       .....                  (boots unavailable)
Stlth    ++........             (no amulet)
HPRegen  0.05/turn              (no ring)
MPRegen  0.10/turn              (no ring)

@: no status effects
A: beak, talons 3
a: no special abilities


You were on level 3 of the Dungeon.
You were not hungry.

You visited 1 branch of the dungeon, and saw 3 of its levels.

You collected 66 gold pieces.

Inventory:

Hand Weapons
 h - a cursed -1 dagger
 l - a +0 dagger (weapon)
Missiles
 i - a throwing net (quivered)
Armour
 a - a +0 robe
 b - a +0 hat (worn)
 g - a +0 leather armour (worn)
Scrolls
 j - a scroll of noise {unknown}
Potions
 e - a potion of curing {unknown}
 f - a potion of haste {unknown}
 k - a potion of resistance {unknown}
Books
 c - a book of Minor Magic

   Spells                             Type                      Level
   a - Magic Dart                     Conjuration                  1
   b - Blink                          Translocation                2
   c - Call Imp                       Summoning                    2
   d - Slow                           Hexes                        2
   e - Conjure Flame                  Conjuration/Fire             3
   f - Mephitic Cloud                 Conjuration/Poison/Air       3
Comestibles
 d - a ration


   Skills:
 - Level 2.1 Dodging
 - Level 2.0 Stealth
 - Level 3.0 Spellcasting
 + Level 3.7 Conjurations
 - Level 1.2 Summonings
   Level 0.7 Translocations


You had 4 spell levels left.
You knew the following spells:

 Your Spells              Type           Power        Failure   Level  Hunger
a - Magic Dart            Conj           ###.         5%          1    None
i - Call Imp              Summ           #.......     22%         2    ##.....


Dungeon Overview and Level Annotations

Branches:
Dungeon (3/15)

Altars:
Gozag
Ru
Uskayaw
The Shining One


Innate Abilities, Weirdness & Mutations

You have a beak for a mouth.
You have claws for feet.


Message History

Confirm with . or Enter, or press ? or * to list all spells.
Aiming: Magic Dart
Press: ? - help, Shift-Dir - straight line, f/p - orc wizard
Aim: an orc wizard, wielding a dagger and wearing a robe (moderately wounded, fast)
The magic dart hits the orc wizard.
The orc wizard is heavily wounded.
Casting: Magic Dart
Confirm with . or Enter, or press ? or * to list all spells.
Aiming: Magic Dart
Press: ? - help, Shift-Dir - straight line, f/p - orc wizard
Aim: an orc wizard, wielding a dagger and wearing a robe (heavily wounded, fast)
The magic dart hits the orc wizard.
The orc wizard is almost dead.
The orc wizard points at you and mumbles some strange words.
The puff of frost hits you!
Ouch! That really hurt!
* * * LOW HITPOINT WARNING * * *
The orc wizard gestures at you while chanting.
The magic dart hits you!
You die...

#...# #..#
#..######
##.o.....#####
##.........#⌠⌠#
#.........##__##
#......o..##..8#
#.........##''#
##.......@##..#
##...#..<#...#
#######...###
#####


You could see an orc wizard and an orc.

Vanquished Creatures
  An adder (D:2)
  2 giant cockroaches (D:1)
  A hobgoblin (D:2)
  A quokka (D:2)
  A bat (D:1)
  A frilled lizard (D:1)
  3 goblins
  A kobold (D:1)
  2 rats
13 creatures vanquished.

Notes
Turn   | Place    | Note
-------+----------+-------------------------------------------
     0 | D:1      | letownia2 the Tengu Wizard began the quest for the Orb.
     0 | D:1      | Reached XP level 1. HP: 10/10 MP: 5/5
   199 | D:1      | Reached XP level 2. HP: 7/15 MP: 5/7
   253 | D:2      | Found a sacrificial altar of Ru.
   280 | D:2      | Found a glowing golden altar of the Shining One.
   314 | D:2      | Learned a level 2 spell: Call Imp
   353 | D:3      | Found a hide-covered altar of Uskayaw.
   353 | D:3      | Found an opulent altar of Gozag.
   385 | D:3      | Killed from afar by an orc wizard

Skill      XL: |  1  2 |
---------------+-------+-----
Conjurations   | 2 3 |  3.7
Dodging        | |  2.1
Stealth        | |  2.0
Spellcasting   | |  3.0
Summonings     | |  1.2
Translocations | |  0.7

Action                   || total
-------------------------++-------
Melee: Unarmed           ||    16
       Kick              ||     3
       Peck              ||     1
 Cast: Magic Dart        ||    27
Armor: Robe              ||     3
       Leather armour    ||     1
Dodge: Dodged            ||    17
